 Dungeon Crawl Stone Soup version 0.18.1-50-g88ac8fd (webtiles) character file.

10 Gargoyl the Skirmisher (level 2, 24/24 HPs)
             Began as a Demonspawn Abyssal Knight on Nov 11, 2016.
             Was a Follower of Lugonu.
             Quit the game on level 1 of the Dungeon.
             The game lasted 00:01:35 (526 turns).

Gargoyl the Skirmisher (Demonspawn Abyssal Knight)   Turns: 526, Time: 00:01:35

Health: 24/24      AC: 11    Str: 12    XL:     2   Next: 10%
Magic:  12/12      EV:  3    Int: 13    God:    Lugonu [*.....]
Gold:   95         SH:  0    Dex: 12    Spells: 0 memorised, 1 level left

rFire  . . .     SeeInvis .     e - +4 hand axe (chop)
rCold  . . .     Gourm    .     h - +0 plate armour
rNeg   . . .     Faith    .     (no shield)
rPois  .         Spirit   .     (no helmet)
rElec  .         Dismiss  .     (no cloak)
rCorr  .         Reflect  .     (no gloves)
SustAt .         Harm     .     (no boots)
MR     .....                    (no amulet)
Stlth  ..........               (no ring)
                                g - ring of magical power

@: not resistant to hostile enchantments, extremely unstealthy
A: molten scales 1
a: Depart the Abyss, Renounce Religion


You were on level 1 of the Dungeon.
You worshipped Lugonu.
Lugonu was aware of your devotion.
You were not hungry.

You visited 1 branch of the dungeon, and saw 1 of its levels.
You visited the Abyss 1 time.

You collected 95 gold pieces.

Inventory:

Hand Weapons
 a - a +1 hand axe
 e - a +4 hand axe of chopping (weapon)
Armour
 h - a +0 plate armour (worn)
Jewellery
 g - a ring of magical power (left hand)
 i - a cursed ring of loudness {unknown}
Potions
 b - a potion of curing {unknown}
 d - a potion of degeneration {unknown}
 f - 2 potions of ambrosia {unknown}
Comestibles
 c - a bread ration


   Skills:
 + Level 3.3 Fighting
 + Level 2.0 Axes
 * Level 2.0 Armour
 + Level 0.8 Dodging
 * Level 2.4 Invocations


You had one spell level left.
You didn't know any spells.

Dungeon Overview and Level Annotations

Branches:
Dungeon (1/15)

Altars:


Innate Abilities, Weirdness & Mutations

You are partially covered in molten scales (AC +1).


Message History

Found a stone staircase leading down.
You now have 95 gold pieces (gained 8).
Found an escape hatch in the floor.
There is an escape hatch in the floor here.
A bat comes into view.
The bat hits you but does no damage. The bat hits you but does no damage. x3
You hit the bat.
You kill the bat!
Lugonu accepts your kill.
Your Axes skill increases to level 2!
Your Armour skill increases to level 2!
A dart slug comes into view.
Found 8 javelins.
The dart slug bites you but does no damage.
You slash the dart slug!
You kill the dart slug!
Lugonu accepts your kill.
You can now depart the Abyss.
You have reached level 2!
Your demonic ancestry asserts itself...
Molten scales grow over part of your body.
Are you sure you want to abandon this character and quit the game? (Confirm with "yes".)

##......# #.#
######### #.###..#
#.###.....# #.# #..#
#......##.# #.# #..#
##.#......#
######.###..#
#.#....#.#
........##..#
#......#.#
######...#..#
####.#.#.# #
##..#..#####.....#.# #
*......(..@.#...#.# #
**#.#..########..#.#
#*****,,....#
#.....#.#
#,,,,,,,.##.#
#.###.#.#
#,,,,,,,,,*,*
#.###...#
#,,,,,,,*+*,*
#....####
#,,,,,,,,,,,* ####.#
#,,,,,,,,,,,########.#
****,**,,,,>.........#


There were no monsters in sight!

Vanquished Creatures
  A dart slug (D:1)
  A giant gecko (D:1)
  A bat (D:1)
  A goblin (D:1)
  2 hobgoblins (D:1)
6 creatures vanquished.

Notes
Turn   | Place    | Note
--------------------------------------------------------------
     0 | Abyss:1  | Gargoyl the Demonspawn Abyssal Knight began the quest for the Orb.
     0 | Abyss:1  | Reached XP level 1. HP: 18/18 MP: 2/2
    47 | Abyss:2  | Found a corrupted altar of Lugonu.
    78 | Abyss:3  | Noticed a small abomination
    85 | D:1      | Escaped the Abyss
   524 | D:1      | Reached * piety under Lugonu
   524 | D:1      | Gained mutation: You are partially covered in molten scales (AC +1). [demonic ancestry]
   524 | D:1      | Reached XP level 2. HP: 24/24 MP: 3/3
   526 | D:1      | Quit the game

Skill      XL: |  1 |
---------------+----+-----
Axes           | 2 |  2.0
Armour         | 2 |  2.0
Fighting       | |  3.3
Dodging        | |  0.8
Invocations    | |  2.4

Action                   || total
-------------------------++-------
Melee: Great mace        ||    14
       Hand axe          ||     4
Invok: Depart the Abyss  ||     1
  Use: Scroll            ||     3
Armor: Plate armour      ||    23
Dodge: Dodged            ||     3
